Map: 凯罗斯中转站-天梯版

Players

Reynor - Winner!

  • Race: Zerg Zerg

iAsonu

  • Race: Zerg Zerg

Event: WESG 2018 Grand Finals

VOD

Have the link to the VOD?

Description

Time

  • Played on: March 12, 2019, 6:07 a.m.
  • Length: 10:31

All games in this series

Show
View Real Time Build Order
Export as new Build Order

Reynor Zerg - Winner!

Build Orders: Pool First 

Get SALT Encoding   

  12  0:18  Spawning Pool  
  11  0:22  Drone  
  11  0:26  Drone  
  13  0:31  Drone  
  14  0:41  Overlord  
  14  1:05  Zergling x6  
  17  1:16  Zergling x2  
  18  1:20  Hatchery  
  17  1:27  Zergling x2  
  18  1:37  Zergling x2  
  18  1:38  Queen  
  21  1:48  Overlord  
  21  1:59  Drone  
  22  2:10  Drone  
  22  2:14  Queen  
  25  2:20  Drone  
  22  2:33  Queen  
  22  2:36  Zergling x4  
  24  2:42  Zergling x2  
  25  2:46  Drone x4  
  29  2:53  Drone  
  29  2:55  Drone  
  31  3:04  Drone x2  
  33  3:14  Overlord  
  33  3:15  Drone  
  33  3:17  Drone x2  
  33  3:18  Drone, Extractor  
  33  3:19  Extractor  
  35  3:28  Evolution Chamber  
  35  3:30  Roach Warren  
  35  3:32  Drone  
  34  3:39  Drone  
  34  3:40  Evolution Chamber  
  34  3:42  Drone x2  
  34  3:45  Drone  
  34  3:47  Drone  
  38  3:50  Drone  
  38  3:55  Drone  
  40  3:56  Drone  
  40  3:58  Drone  
  42  4:03  Overlord  
  42  4:06  Drone  
  42  4:21  Lair  
  42  4:22  Drone x2  
  42  4:23  Drone x3  
  46  4:31  Zerg Missile Weapons Level 1  
  46  4:32  Drone x2  
  46  4:33  Drone  
  46  4:34  Drone  
  46  4:36  Extractor  
  46  4:38  Overlord  
  49  4:44  Overlord  
  49  4:55  Roach  
  49  4:57  Roach x3  
  49  4:58  Roach  
  58  5:00  Overlord  
  58  5:02  Overlord  
  58  5:03  Roach  
  58  5:05  Roach  
  62  5:14  Roach x2  
  66  5:18  Glial Reconstitution  
  66  5:23  Roach x2  
  70  5:34  Drone x4  
  74  5:37  Extractor  
  74  5:38  Hatchery  
  72  5:47  Zerg Ground Armor Level 1  
  72  5:49  Roach x2  
  76  5:52  Overlord  
  76  5:54  Roach  
  76  5:55  Roach  
  80  6:01  Roach x2  
  84  6:04  Overlord  
  84  6:05  Overlord  
  84  6:11  Roach x2  
  84  6:13  Roach  
  84  6:17  Roach  
  92  6:23  Roach x3  
  100  6:25  Roach  
  100  6:30  Roach x2  
  104  6:33  Roach  
  104  6:39  Overlord  
  106  6:40  Roach  
  106  6:46  Zerg Missile Weapons Level 2  
  108  6:51  Drone x4  
  108  6:53  Roach  
  114  6:58  Roach x2  
  114  7:00  Drone  
  119  7:04  Roach x2  
  119  7:07  Roach  
  115  7:09  Roach  
  115  7:14  Roach x2  
  109  7:17  Roach  
  109  7:19  Roach  
  99  7:25  Roach x3  
  99  7:29  Roach x2  
  101  7:32  Drone x2  
  101  7:35  Drone  
  101  7:37  Roach  
  106  7:39  Drone x2  
  106  7:41  Roach  
  110  7:46  Overlord  
  110  7:49  Roach x2  
  112  7:55  Drone  
  112  7:56  Drone x4  
  112  7:58  Ravager x2  
  118  7:59  Ravager x2  
  118  8:01  Overlord  
  118  8:04  Extractor  
  120  8:06  Roach x2  
  120  8:10  Roach x2  
  128  8:16  Roach  
  128  8:19  Overlord x2  
  130  8:23  Roach x3  
  136  8:28  Roach  
  132  8:34  Roach x3  
  132  8:39  Queen  
  122  8:42  Roach x4  
  122  8:46  Roach x2  
  132  8:51  Roach x2  
  132  8:55  Roach x2  
  133  9:05  Roach x5  
  133  9:07  Ravager  
  133  9:08  Ravager  
  145  9:10  Roach  
  145  9:11  Overlord  
  145  9:15  Roach  
  149  9:18  Roach x2  
  153  9:28  Roach  
  153  9:32  Roach  
  153  9:33  Roach x3  
  153  9:36  Roach x2  
  155  9:42  Roach x4  
  155  9:45  Roach  
  149  9:50  Roach x2  
  149  9:56  Roach x2  
  153  10:04  Roach x4  
  159  10:08  Roach x2  
  159  10:10  Ravager  
Show
View Real Time Build Order
Export as new Build Order

iAsonu Zerg 

Build Orders: Hatch First 

Get SALT Encoding   

  12  0:01  Drone  
  13  0:12  Overlord  
  13  0:17  Drone  
  14  0:30  Drone  
  14  0:31  Drone  
  16  0:48  Hatchery  
  15  0:50  Drone  
  15  0:54  Drone  
  17  1:08  Spawning Pool  
  17  1:10  Extractor  
  15  1:13  Drone  
  15  1:15  Drone  
  17  1:20  Drone  
  18  1:28  Drone  
  19  1:54  Zergling x2  
  19  1:55  Zergling x2  
  19  1:59  Queen  
  19  2:00  Zergling x2  
  25  2:01  Queen, Zergling x2  
  27  2:11  Zergling x2  
  28  2:21  Overlord  
  24  2:32  Drone x2  
  24  2:40  Drone x2  
  24  2:43  Drone  
  27  2:48  Drone  
  28  2:53  Drone  
  28  2:55  Drone  
  30  3:05  Drone x2  
  34  3:13  Drone  
  34  3:18  Overlord  
  35  3:25  Drone  
  35  3:27  Overlord  
  35  3:29  Metabolic Boost  
  33  3:37  Drone  
  33  3:38  Drone  
  36  3:41  Drone  
  36  3:43  Drone, Hatchery  
  36  3:45  Drone  
  36  3:48  Drone  
  38  3:50  Drone  
  38  3:51  Drone  
  38  3:53  Drone  
  41  3:56  Drone  
  41  4:00  Drone  
  41  4:02  Overlord  
  43  4:05  Zergling x2  
  45  4:10  Hatchery  
  45  4:12  Drone x2  
  45  4:14  Drone  
  45  4:15  Drone  
  47  4:18  Drone x2  
  47  4:21  Drone x2  
  51  4:28  Extractor  
  51  4:30  Extractor  
  49  4:31  Evolution Chamber  
  49  4:32  Drone x2  
  50  4:40  Lair, Roach Warren  
  50  4:42  Drone  
  50  4:44  Drone  
  51  4:47  Overlord  
  51  4:59  Overlord  
  51  5:04  Overlord  
  51  5:06  Drone x5  
  56  5:12  Overlord  
  56  5:15  Zerg Missile Weapons Level 1  
  56  5:20  Roach  
  58  5:24  Roach x2  
  58  5:26  Queen  
  63  5:30  Roach x2  
  63  5:33  Roach x2  
  63  5:34  Roach  
  73  5:36  Roach  
  77  5:42  Roach  
  77  5:43  Roach  
  78  5:53  Roach  
  78  5:54  Roach x3  
  88  5:57  Roach  
  88  5:59  Roach  
  88  6:01  Overlord  
  90  6:05  Overlord  
  90  6:07  Extractor  
  90  6:11  Drone  
  90  6:13  Glial Reconstitution  
  90  6:14  Overlord  
  90  6:15  Drone x3  
  90  6:17  Drone x2  
  95  6:18  Drone  
  95  6:20  Overlord  
  95  6:24  Extractor  
  95  6:28  Roach x2, Overseer  
  95  6:31  Roach  
  95  6:32  Roach  
  103  6:35  Roach  
  103  6:39  Roach  
  107  6:42  Roach  
  107  6:45  Roach  
  111  6:49  Roach  
  111  6:51  Roach  
  111  6:52  Roach  
  117  6:56  Roach  
  117  6:57  Roach  
  117  7:00  Overlord  
  120  7:04  Roach  
  120  7:05  Roach x2  
  116  7:11  Roach  
  116  7:12  Roach x2  
  116  7:15  Roach  
  112  7:17  Roach  
  112  7:22  Roach x2  
  98  7:30  Drone x6  
  98  7:32  Drone  
  98  7:36  Roach x5  
  115  7:38  Overlord  
  115  7:39  Queen  
  117  7:44  Roach  
  117  7:45  Roach  
  117  7:49  Overlord  
  121  7:54  Roach  
  121  7:55  Overlord  
  123  8:00  Roach x5  
  133  8:07  Roach  
  133  8:10  Roach  
  133  8:11  Roach  
  139  8:18  Roach x4  
  147  8:21  Overlord  
  147  8:24  Overlord  
  147  8:29  Overlord  
  129  8:42  Roach x6  
  129  8:48  Roach x3  
  147  8:53  Roach  
  147  8:54  Roach x2  
  153  9:02  Roach x2  
  153  9:04  Roach x4  
  153  9:08  Overseer  
  161  9:14  Overlord x2  
  161  9:15  Overlord  
  161  9:16  Overseer  
  161  9:21  Overlord  
  161  9:23  Hatchery  
  156  9:32  Roach x3  
  156  9:33  Roach x3  
  146  9:40  Roach x3  
  134  9:47  Roach x5  
  134  9:53  Roach x2, Extractor  
  134  9:55  Roach x3  
  137  10:01  Roach  
  137  10:02  Roach x4  
  137  10:11  Roach x3  
Tags
 
Add a new tag
Caveats
  • Supply blocks, unpowered buildings, or Contaminate may cause inaccurate times.
  • Supply counts are checked every 10 seconds.